 Dungeon Crawl Stone Soup version 0.24-a0-441-g27f0392e16 (console) character file.

Game seed: 8078007708217651330

42 Voker57 the Skirmisher (level 3, 0/30 HPs)
             Began as a Demonspawn Monk on June 19, 2019.
             Slain by a giant cockroach (2 damage)
             ... on level 2 of the Dungeon.
             The game lasted 00:01:03 (1121 turns).

Voker57 the Skirmisher (Demonspawn Monk)            Turns: 1121, Time: 00:01:04

Health: 0/30       AC:  3    Str: 11    XL:     3   Next: 35%
Magic:  3/3        EV: 14    Int: 11    God:
Gold:   54         SH:  0    Dex: 16    Spells: 2/2 levels left

rFire    . . .     SeeInvis .   a - +0 mace
rCold    . . .     Gourm    .   (no shield)
rNeg     . . .     Faith    .   b - +0 robe
rPois    .         Spirit   .   (no helmet)
rElec    .         Reflect  .   (no cloak)
rCorr    .         Harm     .   j - +0 pair of gloves
MR       .....                  (no boots)
Stlth    ++........             (no amulet)
HPRegen  0.10/turn              (no ring)
MPRegen  0.08/turn              (no ring)

@: no status effects
A: powered by death 1
a: no special abilities


You were on level 2 of the Dungeon.
You were not hungry.

You visited 1 branch of the dungeon, and saw 2 of its levels.

You collected 54 gold pieces.

Inventory:

Hand Weapons
 a - a +0 mace (weapon)
Armour
 b - a +0 robe (worn)
 j - a +0 pair of gloves (worn)
Scrolls
 d - 2 scrolls of fear {unknown}
 e - 2 scrolls of identify {unknown}
 f - 2 scrolls of teleportation {unknown}
 g - a scroll of random uselessness {unknown}
 h - 2 scrolls of blinking {unknown}
 i - a scroll of amnesia {unknown}
Potions
 k - 2 potions of flight {unknown}
Comestibles
 c - 7 rations
 l - a chunk of flesh


   Skills:
 + Level 3.8 Fighting
 - Level 2.6 Maces & Flails
 + Level 3.4 Dodging
 - Level 1.7 Stealth


You had 2 spell levels left.
You didn't know any spells.
Your spell library was empty.

Dungeon Overview and Level Annotations

Branches:
Dungeon (2/15)

Altars:
Ashenzari
Uskayaw
Xom


Innate Abilities, Weirdness & Mutations

You regenerate a little health from kills.


Message History

The worm is severely wounded.
The worm barely misses you.
You completely miss the worm.
The worm is severely wounded.
You barely miss the worm.
The worm is severely wounded.
The worm bites you.
* * * LOW HITPOINT WARNING * * *
You hit the worm.
The worm is severely wounded.
The worm barely misses you.
You hit the worm.
The worm is severely wounded.
The worm misses you.
You hit the worm.
The worm is almost dead.
You hit the worm.
You kill the worm!
The giant cockroach bites you.
You die...

### .$. #.#
#.####s###.###
#.....@.$.....
##..###.###.##.
....?.......#
###..##.#####
............#
###...#.###.#
#.........#.#
##### #.#.#.#..
#.# ....#### #
#.#...#.#.#
....'.<#
#.#...###.#


You could see a giant cockroach.

Vanquished Creatures
  An adder (D:2)
  2 dart slugs (D:1)
  A worm (D:2)
  A leopard gecko (D:1)
  8 bats (D:1)
  2 giant cockroaches (D:1)
  2 hobgoblins (D:1)
  4 frilled lizards
  A goblin (D:1)
  6 rats (D:1)
28 creatures vanquished.

Notes
Turn   | Place    | Note
-------+----------+-------------------------------------------
     0 | D:1      | Voker57 the Demonspawn Monk began the quest for the Orb.
     0 | D:1      | Reached XP level 1. HP: 18/18 MP: 1/1
     0 | D:1      | Noticed a felid
     1 | D:1      | Noticed a centaur
     3 | D:1      | Noticed an ogre
     5 | D:1      | Noticed a vampire
     6 | D:1      | Noticed a vine stalker
     7 | D:1      | Noticed a minotaur zombie
     8 | D:1      | Noticed a naga
    12 | D:1      | Noticed a minotaur
    14 | D:1      | Noticed an elf
    20 | D:1      | Noticed a troll
   234 | D:1      | Gained mutation: You regenerate a little health from kills.
                  | [demonic ancestry]
   234 | D:1      | Reached XP level 2. HP: 21/24 MP: 2/2
   847 | D:1      | Reached XP level 3. HP: 29/29 MP: 3/3
   911 | D:2      | Found a shimmering altar of Xom.
   914 | D:2      | Found a shattered altar of Ashenzari.
   937 | D:2      | Found a hide-covered altar of Uskayaw.
  1121 | D:2      | Slain by a giant cockroach

Levels and vault maps discovered:
D:1:      shiori_arrival_whats_in_store_for_you, layout_basic,
          kennysheep_decorative_pillar
D:2:      layout_basic, eat_drink_and_be_merry_uskayaw,
          grunt_temple_overflow_open, serial_glass, glass_columns_a,
          glass_columns_b, glass_columns_a, glass_columns_b, first_ration,
          uniq_terence

Skill      XL: |  1 |
---------------+----+-----
Dodging        | 3 |  3.4
Fighting       | |  3.8
Maces & Flails | |  2.6
Stealth        | |  1.7

Action                   || total
-------------------------++-------
Melee: Mace              ||    96
 Stab: Sleeping          ||     6
  Eat: Chunk             ||     1
Armor: Robe              ||    14
Dodge: Dodged            ||    75

Table legend:
 A = Non-vault XP
 B = Vault XP
 C = Vault XP percentage of total XP
 D = Non-vault monster count
 E = Vault monster count
 F = Vault count percentage of total count
                 A         B        C        D         E       F
            +---------+---------+-------+---------+---------+-------
      Total |      61 |       0 |   0.0 |      28 |       0 |   0.0
            +---------+---------+-------+---------+---------+-------
        D:1 |      41 |       0 |   0.0 |      24 |       0 |   0.0
        D:2 |      20 |       0 |   0.0 |       4 |       0 |   0.0
            +---------+---------+-------+---------+---------+-------
